 Dungeon Crawl Stone Soup version 0.29-a0-362-g5854e031c7 (webtiles) character file.

Game seed: 13181715309509189785

53 lucidbluej the Slasher (level 3, 49/49 HPs)
             Began as a Minotaur Berserker on Apr 29, 2022.
             Was a Follower of Trog.
             Quit the game on level 2 of the Dungeon.
             The game lasted 00:05:17 (807 turns).

lucidbluej the Slasher (Minotaur Berserker)          Turns: 807, Time: 00:05:18

Health: 49/49      AC: 21    Str: 23    XL:     3   Next: 64%
Magic:  2/2        EV:  2    Int:  4    God:    Trog [*.....]
Gold:   53         SH:  0    Dex:  9    Spells: 2/2 levels left

rFire   . . .      SeeInvis .   a - +0 falchion
rCold   . . .      Faith    .   (no shield)
rNeg    . . .      Spirit   .   (body armour currently unavailable)
rPois   +          Reflect  .   (helmet currently unavailable)
rElec   .          Harm     .   (cloak currently unavailable)
rCorr   .          Rampage  .   (gloves currently unavailable)
Will    .....      NoTele   +   (boots currently unavailable)
Stlth   +.........              (no amulet)
HPRegen 0.16/turn               (no ring)
MPRegen 0.08/turn               (no ring)

@: tree-form
A: stationary, stasis, torment immunity, boosted hp, (horns 2), (retaliatory
headbutt), mutation resistance 1, sense surroundings 1, wild magic 1
a: Renounce Religion, Berserk


You were on level 2 of the Dungeon.
You worshipped Trog.
Trog was aware of your devotion.
You were a tree.
You visited 1 branch of the dungeon, and saw 2 of its levels.

You collected 53 gold pieces.

Inventory:

Hand Weapons
 a - a +0 falchion (weapon)
 c - a +0 dagger
 f - a +0 short sword
 g - a +0 hand axe
 j - a +0 whip
 k - a +0 dagger
 o - a +0 club
Missiles
 e - 4 poisoned darts (quivered)
 h - 6 javelins
Armour
 b - a +0 animal skin (melded)
 d - a +0 robe
 i - a +0 pair of boots
Potions
 m - 2 potions of heal wounds


   Skills:
 + Level 4.2 Fighting
 + Level 4.7 Long Blades
 + Level 2.7 Armour
 + Level 2.6 Dodging


You had 2 spell levels left.
You didn't know any spells.
Your spell library was empty.

Dungeon Overview and Level Annotations

Branches:
Dungeon (2/15)

Altars:


Innate Abilities, Weirdness & Mutations

You are a tree.
Your roots penetrate the ground, keeping you stationary.
You cannot be teleported.
You are immune to unholy pain and torment.
Your maximum health is greatly increased.
Your equipment is partially melded.
((You have a pair of horns on your head.))
((You reflexively headbutt those who attack you in melee.))
You are somewhat resistant to further mutation.
You passively map a small area around you.
Your spells are a little harder to cast, but a little more powerful.


Message History

You see here a hound corpse.
You see here a hound corpse.
You see here a hound corpse.
You see here a hound corpse.
You see here a hound corpse.
You see here a hound corpse.
m - 2 green potions (gained 1)
A ball python comes into view.
The ball python hisses angrily.
The ball python closely misses you. You furiously retaliate!
You headbutt the ball python!
You kill the ball python!
Trog accepts your kill.
Okay, then.
Unknown command.
As you read the scroll labelled QOSTRA TIETISH, it crumbles to dust.
It is a scroll of identify.
m - 2 potions of heal wounds It was a potion of lignification.
You turn into a tree.
Your +0 animal skin melds into your body.
Your roots penetrate the ground.
You cannot move.
You cannot move.
You cannot move.
You cannot move.
You cannot move.
You cannot move.
You cannot move.
You cannot move.
You cannot move.
You cannot move.
You cannot move.
You cannot move.
Your health is already full.
Saving game... please wait.
Welcome back, lucidbluej the Minotaur Berserker.
Trog says: Kill them all!
Press ? for a list of commands and other information.
You cannot move.
Are you sure you want to abandon this character and quit the game? (Confirm with "yes".)

,* #. *, * #.* , #.
.# , , , #.* .# ,
,.., #.# .# # ,
.#######.##.###.# ,
, .................
**##...........####
##........♣...# ,*
#.............#
#.............# ,*
#.............# , *
##.....÷......#
##...........#
#...........#
###.#.######### ,
#.......#### ### *,
, ,


There were no monsters in sight!

Vanquished Creatures
  A hound (D:2)
  A dart slug (D:1)
  A bat (D:1)
  5 endoplasms
  A giant cockroach (D:2)
  A hobgoblin (D:1)
  2 kobolds (D:1)
  4 ball pythons
  A frilled lizard (D:1)
  2 goblins (D:2)
  A rat (D:1)
20 creatures vanquished.

Notes
Turn   | Place    | Note
-------+----------+-------------------------------------------
     0 | D:1      | lucidbluej the Minotaur Berserker began the quest for the
                  | Orb.
     0 | D:1      | Reached XP level 1. HP: 19/19 MP: 0/0
   245 | D:1      | Reached XP level 2. HP: 9/27 MP: 1/1
   257 | D:1      | Gained mutation: You passively map a small area around you.
                  | [potion of mutation]
   257 | D:1      | Gained mutation: Your spells are a little harder to cast,
                  | but a little more powerful. [potion of mutation]
   257 | D:1      | Gained mutation: You are somewhat resistant to further
                  | mutation. [potion of mutation]
   538 | D:2      | Reached XP level 3. HP: 4/33 MP: 2/2
   807 | D:2      | Quit the game

Illustrated notes

Levels and vault maps discovered:
D:1:      dpeg_arrival_central, layout_loops_corners, basic_ecumenical_altar
D:2:      minmay_door_path, layout_loops_ring, uniq_terence, uniq_natasha

Skill      XL: |  1  2 |
---------------+-------+-----
Long Blades    | 4 |  4.7
Fighting       | 4 |  4.2
Armour         | |  2.7
Dodging        | |  2.6

Action                   || total
-------------------------++-------
Melee: Falchion          ||    39
  Use: Potion            ||     2
       Scroll            ||     1
Armor: Animal skin       ||     8
Dodge: Dodged            ||    31

Table legend: (Time is in decaauts)
 A = Elapsed time spent in this place.
 B = Non-inter-level travel time spent in this place.
 C = Inter-level travel time spent in this place.
 D = Time resting spent in this place.
 E = Time spent auto-exploring this place.
 F = Levels seen in this place.
 G = Mean time per level.
                   A        B        C        D        E       F      G
               +--------+--------+--------+--------+--------+-----+--------+
         Total |    810 |    778 |     32 |      0 |    135 |   2 |  405.0 |
       Dungeon |    810 |    778 |     32 |      0 |    135 |   2 |  405.0 |
               +--------+--------+--------+--------+--------+-----+--------+

Top non-repeatable levels by time:
     D:2: 430 daAuts
     D:1: 379 daAuts
